 Dungeon Crawl Stone Soup version 0.26.1-2-gb8aa6d0cf2 (webtiles) character file.

Game seed: 14396947648150573667

410 axecop the Distorting Demonspawn (level 6, -5/50 HPs)
             Began as a Demonspawn Abyssal Knight on Mar 16, 2021.
             Was a Believer of Lugonu.
             Killed by divine providence
             ... invoked by an orc priest
              (11 damage)
             ... on level 4 of the Dungeon.
             The game lasted 00:03:44 (4627 turns).

axecop the Distorting Demonspawn (DsAK)             Turns: 4627, Time: 00:03:44

Health: -5/50      AC:  9    Str: 14    XL:     6   Next: 58%
Magic:  9/10       EV:  9    Int: 14    God:    Lugonu [**....]
Gold:   122        SH:  0    Dex: 12    Spells: 5/5 levels left

rFire    . . .     SeeInvis .   a - +1 dagger (venom)
rCold    . . .     Faith    .   (no shield)
rNeg     . . .     Spirit   .   g - +0 scale mail
rPois    .         Reflect  .   (helmet restricted)
rElec    .         Harm     .   o - +0 cloak
rCorr    .         Rampage  .   (no gloves)
Will     .....                  k - +0 pair of boots
Stlth    ..........             (no amulet)
HPRegen  0.16/turn              (no ring)
MPRegen  0.12/turn              (no ring)

@: no status effects
A: antennae 1, foul stench 1, miasma immunity
a: Renounce Religion, Depart the Abyss, Bend Space


You were on level 4 of the Dungeon.
You worshipped Lugonu.
Lugonu was pleased with you.
You visited 1 branch of the dungeon, and saw 4 of its levels.
You visited the Abyss 1 time.

You collected 122 gold pieces.

Inventory:

Hand Weapons
 a - a +1 dagger of venom (weapon)
 j - a +0 whip of flaming
 l - a +1 mace
Armour
 b - a +0 leather armour
 g - a +0 scale mail (worn)
 k - a +0 pair of boots (worn)
 n - a cursed +0 robe
 o - a +0 cloak (worn)
 v - the cursed +0 robe of Zasiv {Int+3 Dex+2}
   (You found it on level 4 of the Dungeon)

   It affects your intelligence (+3).
   It affects your dexterity (+2).
   It has a curse placed upon it.
Wands
 u - a wand of polymorph (6)
Scrolls
 c - 2 scrolls of remove curse {unknown}
 d - a scroll of identify
 f - a scroll of immolation {unknown}
 h - 2 scrolls of teleportation {unknown}
 i - a scroll of magic mapping {unknown}
 m - a scroll of blinking
 p - a scroll of enchant armour {unknown}
 q - 3 scrolls of fog
 s - a scroll of amnesia {unknown}
 t - a scroll of enchant weapon
 w - a scroll of random uselessness {unknown}
Potions
 r - a potion of flight
Miscellaneous
 e - a lightning rod (4/4)


   Skills:
 + Level 4.8 Fighting
 - Level 2.5 Maces & Flails
 + Level 3.8 Armour
 - Level 0.8 Dodging
 + Level 5.4 Invocations


You had 5 spell levels left.
You didn't know any spells.
Your spell library was empty.

Dungeon Overview and Level Annotations

Branches:
Dungeon (4/15)             Temple (0/1) D:4

Altars:
Elyvilon
Nemelex Xobeh
Trog


Innate Abilities, Weirdness & Mutations

You have a pair of small antennae on your head.
You may emit foul miasma when damaged in melee.
You are immune to miasma.


Message History

The orc moves out of view.
The orc priest moves out of view.
An orc wizard comes into view. It is wielding a +0 dagger.
The orc wizard moves out of view.
The ogre looks more healthy.
Found a potion of lignification.
The howler monkey hits you but does no damage.
A leopard gecko skeleton comes into view.
Found 6 gold pieces.
The howler monkey hoots and howls with incredible vigour!
The orc priest invokes the aid of Beogh against you.
Pain shoots through your body!
* * * LOW HITPOINT WARNING * * *
You hear an angry hiss.
You hear a shout! x3
Unknown command.
Space bends around you!
You blink.
Unknown command.
Unknown command.
The orc priest calls down the wrath of Beogh upon you.
Beogh smites you!
You die...

.....o.Z#
#.#.o.o# #
###.#.##.#
##.
#.....#..#
#..
#..#..##
#.# #..h##
#.# ##O.#
#.# #..#
##<#
#####@.#
#..#
#......#
#.##
...!####.#
#.# ## #.#
#)# #.#
##.# #.#
#..## #.#
#..>#
#.###.###
#..##.#


You could see an ogre (sick), a howler monkey (catching breath) and an orc
priest.

Vanquished Creatures
  Grinder (D:3)
  An orc wizard (D:3)
  3 orc priests
  An adder (D:3)
  2 oozes (D:3)
  A worm (D:1)
  2 dart slugs
  2 orcs (D:3)
  6 bats
  4 giant cockroaches
  10 goblins
  8 hobgoblins
  14 jackals
  A quokka (D:3)
  A ball python (D:2)
  5 frilled lizards
  9 kobolds
  8 rats
79 creatures vanquished.

Notes
Turn   | Place    | Note
-------+----------+-------------------------------------------
     0 | Abyss:1  | axecop the Demonspawn Abyssal Knight began the quest for
                  | the Orb.
     0 | Abyss:1  | Reached XP level 1. HP: 18/18 MP: 2/2
   131 | Abyss:2  | Noticed a raiju
   152 | Abyss:2  | Noticed a small abomination
   153 | Abyss:2  | Noticed a starcursed mass
   155 | D:1      | Escaped the Abyss
   503 | D:1      | Reached * piety under Lugonu
   510 | D:1      | Gained mutation: You are immune to miasma. [demonic
                  | ancestry]
   510 | D:1      | Reached XP level 2. HP: 7/24 MP: 4/4
  1278 | D:1      | Reached skill level 3 in Invocations
  1290 | D:1      | Reached XP level 3. HP: 28/29 MP: 5/5
  1965 | D:2      | Found a white marble altar of Elyvilon.
  1985 | D:2      | Reached ** piety under Lugonu
  2453 | D:2      | Found a sparkling altar of Nemelex Xobeh.
  2712 | D:2      | Found a bloodstained altar of Trog.
  3067 | D:3      | Gained mutation: You have a pair of small antennae on your
                  | head. [demonic ancestry]
  3067 | D:3      | Reached XP level 4. HP: 32/35 MP: 6/6
  3188 | D:3      | Reached skill level 4 in Invocations
  3188 | D:3      | Reached XP level 5. HP: 5/42 MP: 6/8
  4243 | D:3      | Noticed Grinder
  4380 | D:3      | Paralysed by Grinder for 7 turns
  4396 | D:3      | Killed Grinder
  4397 | D:3      | Reached skill level 5 in Invocations
  4397 | D:3      | Gained mutation: You may emit foul miasma when damaged in
                  | melee. [demonic ancestry]
  4397 | D:3      | Reached XP level 6. HP: 32/49 MP: 8/10
  4573 | D:4      | Found a staircase to the Ecumenical Temple.
  4586 | D:4      | Got a faintly glowing robe
  4589 | D:4      | Identified the cursed +0 robe of Zasiv {Int+3 Dex+2} (You
                  | found it on level 4 of the Dungeon)
  4627 | D:4      | Killed from afar by an orc priest

Illustrated notes

Levels and vault maps discovered:
D:1:      dpeg_arrival_brainrot, layout_basic, st_stairs_2
D:2:      minmay_skewed_foursquare, layout_basic, bloody_trog,
          lemuel_coloured_pillars_altar, overflow_temple_1_default
D:3:      layout_loops_corners, uniq_grinder
D:4:      layout_rooms, kennysheep_mini_moat, minmay_temple_entry_proselytizer

Skill      XL: |  1  2  3  4  5 |
---------------+----------------+-----
Maces & Flails | 2 |  2.5
Armour         | 2 3 |  3.8
Invocations    | 3 4 5 |  5.4
Fighting       | 4 |  4.8
Dodging        | |  0.8

Action                   |  1- 3 |  4- 6 || total
-------------------------+-------+-------++-------
Melee: Mace              |    85 |       ||    85
       Dagger            |    95 |    77 ||   172
       Unarmed           |       |     7 ||     7
Invok: Depart the Abyss  |     1 |       ||     1
       Bend Space        |       |     2 ||     2
Evoke: Lightning rod     |       |     2 ||     2
  Use: Potion            |       |     4 ||     4
       Scroll            |       |     5 ||     5
 Stab: Confused          |       |     1 ||     1
Armor: Leather armour    |    15 |       ||    15
       Scale mail        |    83 |    42 ||   125
       Skin              |       |     4 ||     4
Dodge: Dodged            |   105 |    41 ||   146
